[Event "ICC tourney 2976 (40 10)"]
[Site "Internet Chess Club"]
[Date "2022.08.06"]
[Round "1"]
[White "BOGIN, THEODORE:tbogin1"]
[Black "ZHOU, YUCHEN:K01-30171464"]
[Result "0-1"]
[ICCResult "White resigns"]
[WhiteElo "1262"]
[BlackElo "904"]
[Opening "Sicilian: Alapin's variation (2.c3)"]
[ECO "B22"]
[NIC "SI.46"]
[Time "11:01:08"]
[PlyCount "88"]
[TimeControl "2400+10"]

1. e4 c5 2. c3 Nf6 3. f3 Nc6 4. d4 cxd4 5. cxd4 d5 6. e5 Nd7 7. Nc3 e6 8.
Bd3 Bb4 9. Be3 O-O 10. f4 b6 11. Nf3 Bb7 12. Bxh7+ Kxh7 13. Ng5+ Kg6 14.
Qd3+ f5 15. Nxe6 Qe7 16. Nxf8+ Rxf8 17. O-O-O Bxc3 18. bxc3 Qa3+ 19. Kb1 Ba6
20. c4 Qxd3+ 21. Rxd3 Bxc4 22. Rdd1 Nd8 23. h3 Ne6 24. Bc1 Kh7 25. g4 Be2
26. Rd2 Bf3 27. Rf1 Be4+ 28. Kb2 Rc8 29. gxf5 Bxf5 30. a3 Rc4 31. Rfd1 Nxf4
32. Rf1 Nd3+ 33. Rxd3 Bxd3 34. Rf7 Rc2+ 35. Kb3 Rxc1 36. Rxd7 Bc4+ 37. Kb2
Re1 38. Rxa7 Re4 39. Kc3 Re3+ 40. Kb4 Rb3+ 41. Ka4 b5+ 42. Ka5 Rxa3+ 43. Kb6
Rxa7 44. Kxa7 Kg6 {White resigns} 0-1

[Event "ICC tourney 2976 (40 10)"]
[Site "Internet Chess Club"]
[Date "2022.08.06"]
[Round "1"]
[White "Nagarajan, Ramesh:rnagaraj"]
[Black "procopio, Patti:prostripe"]
[Result "1-0"]
[ICCResult "Black checkmated"]
[WhiteElo "1326"]
[BlackElo "1080"]
[Opening "King's pawn opening"]
[ECO "B07"]
[NIC "VO.17"]
[Time "11:01:11"]
[PlyCount "59"]
[TimeControl "2400+10"]

1. e4 d6 2. f4 c6 3. d4 Nf6 4. Nc3 Bg4 5. Nf3 Nbd7 6. Be2 Bxf3 7. Bxf3 e5 8.
fxe5 dxe5 9. Be3 exd4 10. Bxd4 c5 11. Bf2 Ne5 12. Qe2 Be7 13. Rd1 Qb6 14.
Na4 Qb4+ 15. Nc3 Qxb2 16. Qb5+ Qxb5 17. Nxb5 O-O 18. Nc7 Rac8 19. Nd5 Nxf3+
20. gxf3 Nxd5 21. Rxd5 b6 22. Rd7 Bf6 23. Rxa7 Bd4 24. Rb7 Bxf2+ 25. Kxf2
Rc6 26. Rd1 f5 27. Rdd7 Rcf6 28. Rxg7+ Kh8 29. Rxh7+ Kg8 30. Rbg7#
{Black checkmated}
1-0

[Event "ICC tourney 2976 (40 10)"]
[Site "Internet Chess Club"]
[Date "2022.08.06"]
[Round "1"]
[White "LIN, CARL:K01-17110834"]
[Black "Hyzer, Evan:ehyzer"]
[Result "1/2-1/2"]
[ICCResult "White stalemated"]
[WhiteElo "1275"]
[BlackElo "1053"]
[Opening "Sicilian: Taimanov variation"]
[ECO "B45"]
[NIC "SI.39"]
[Time "11:01:00"]
[PlyCount "114"]
[TimeControl "2400+10"]

1. e4 c5 2. Nf3 e6 3. d4 cxd4 4. Nxd4 Nc6 5. Nc3 Bb4 6. a3 Bxc3+ 7. bxc3 a6
8. Bc4 Ne5 9. Bb3 Qc7 10. Bb2 Nf6 11. f3 b5 12. Qd2 Bb7 13. O-O O-O 14. Rfd1
Rfd8 15. Qe2 Rac8 16. Rab1 Qb6 17. Qf2 Nc4 18. Bxc4 Rxc4 19. Re1 d5 20. exd5
Nxd5 21. Nb3 Qxf2+ 22. Kxf2 Nxc3 23. Bxc3 Rxc3 24. Rbc1 Rdc8 25. Re2 Bd5 26.
Nd4 Rxa3 27. Kg3 Ra4 28. Rd2 g6 29. Ne2 Ra2 30. Nf4 Bb3 31. Nd3 Raxc2 32.
Rdxc2 Rxc2 33. Rxc2 Bxc2 34. Nb4 Ba4 35. Nxa6 Kf8 36. Kf4 Ke7 37. Ke5 f6+
38. Kd4 Kd6 39. Kc3 f5 40. Kb4 Kd5 41. Nc7+ Kd6 42. Nxb5+ Bxb5 43. Kxb5 Kd5
44. Kb6 e5 45. Kc7 e4 46. fxe4+ fxe4 47. Kd7 e3 48. Ke7 e2 49. Kf7 e1=Q 50.
Kg7 Qf2 51. Kxh7 Qxg2 52. Kh6 Qxh2+ 53. Kg7 g5 54. Kf6 g4 55. Kf5 g3 56. Kg4
g2 57. Kf3 g1=Q {White stalemated} 1/2-1/2

[Event "ICC tourney 2976 (40 10)"]
[Site "Internet Chess Club"]
[Date "2022.08.06"]
[Round "1"]
[White "WESLEY, GEORGE:Maglars"]
[Black "WENG, JOHNSON:K01-30136161"]
[Result "0-1"]
[ICCResult "White resigns"]
[WhiteElo "1002"]
[BlackElo "1265"]
[Opening "English: symmetrical, main line with d4"]
[ECO "A39"]
[NIC "EO.26"]
[Time "11:01:00"]
[PlyCount "108"]
[TimeControl "2400+10"]

1. c4 c5 2. Nc3 Nc6 3. g3 g6 4. Bg2 Bg7 5. Nf3 Nf6 6. O-O O-O 7. d4 cxd4 8.
Nxd4 Nxd4 9. Qxd4 d6 10. Rb1 Qc7 11. Qd3 Be6 12. b3 a6 13. Ne4 Nxe4 14. Bxe4
Bh3 15. Re1 Qa5 16. Qd2 Bc3 17. Qh6 Bxe1 18. Qxh3 Bd2 19. a4 Bxc1 20. Rxc1
Qg5 21. Rb1 Rab8 22. Bd5 b5 23. Be4 bxc4 24. bxc4 Rxb1+ 25. Bxb1 Qc1+ 26.
Qf1 Qxf1+ 27. Kxf1 Rb8 28. Bd3 Rb4 29. Bc2 Rxc4 30. Bd1 Kg7 31. f4 Kf6 32.
Ke1 Kf5 33. Bb3 Rb4 34. Bc2+ Ke6 35. Kd2 Kd5 36. e3 Rb2 37. Kc3 Rxc2+ 38.
Kxc2 Kc4 39. a5 Kb4 40. Kd3 Kxa5 41. Kc4 Kb6 42. e4 a5 43. h4 h5 44. Kc3 Kc5
45. e5 dxe5 46. fxe5 e6 47. Kb3 Kd4 48. Ka4 Kxe5 49. Kxa5 Kd5 50. Kb4 e5 51.
Kc3 Ke4 52. Kd2 Kf3 53. Kd3 e4+ 54. Kd2 Kf2 {White resigns} 0-1

[Event "ICC tourney 2976 (40 10)"]
[Site "Internet Chess Club"]
[Date "2022.08.06"]
[Round "1"]
[White "Singh, Saharsh:saharshsingh02"]
[Black "LIN, LEIA:K05-17110828"]
[Result "0-1"]
[ICCResult "White checkmated"]
[WhiteElo "1077"]
[BlackElo "1310"]
[Opening "QGD: exchange, positional line"]
[ECO "D35"]
[NIC "QO.16"]
[Time "11:01:48"]
[PlyCount "136"]
[TimeControl "2400+10"]

1. d4 Nf6 2. c4 e6 3. Nc3 d5 4. cxd5 exd5 5. Bg5 Be7 6. e3 Be6 7. Nf3 Nbd7
8. Bd3 h6 9. Bh4 c6 10. O-O O-O 11. a3 Re8 12. Qe2 Nf8 13. Rad1 Bg4 14. h3
Bh5 15. g4 Bg6 16. Bxg6 Nxg6 17. Bg3 Qd7 18. Ne5 Nxe5 19. dxe5 Nh7 20. f4
Rad8 21. Qf2 Nf8 22. Bh4 Bxh4 23. Qxh4 Ng6 24. Qf2 Qe7 25. Qh2 Qc5 26. Rd4
Qb6 27. Na4 Qb5 28. Rc1 b6 29. Rb4 Qd3 30. Qf2 c5 31. Rc3 Qd1+ 32. Kg2 cxb4
33. Rc7 Qxa4 34. f5 Nxe5 35. f6 g6 36. Qh4 Kh7 37. g5 h5 38. Re7 Qc2+ 39.
Kg3 Qe4 40. Qxe4 dxe4 41. Kf4 Rxe7 42. fxe7 Re8 43. Kxe5 Rxe7+ 44. Kf6 Rc7
45. axb4 Kg8 46. Ke5 Re7+ 47. Kd6 Kf8 48. h4 Ke8 49. b5 Kd8 50. b4 Ke8 51.
Kc6 Re5 52. Kb7 Rxb5 53. Kxa7 Rxb4 54. Ka6 b5 55. Ka5 Rb1 56. Ka6 Kd7 57.
Kb6 Kd6 58. Ka5 Kc5 59. Ka6 Rd1 60. Kb7 b4 61. Kc7 b3 62. Kc8 b2 63. Kc7
b1=Q 64. Kc8 Rd6 65. Kc7 Qb6+ 66. Kc8 Qc6+ 67. Kb8 Rd8+ 68. Ka7 Qb6#
{White checkmated}
0-1

[Event "ICC tourney 2976 (40 10)"]
[Site "Internet Chess Club"]
[Date "2022.08.06"]
[Round "1"]
[White "Britt, Marquavious:marqbritt"]
[Black "ANGEL, BORYS:BArkadia"]
[Result "1-0"]
[ICCResult "Black resigns"]
[WhiteElo "1186"]
[BlackElo "1434"]
[Opening "Réti opening"]
[ECO "A04"]
[NIC "QP.11"]
[Time "11:00:59"]
[PlyCount "83"]
[TimeControl "2400+10"]

1. Nf3 d6 2. e3 Nf6 3. b3 g6 4. Bb2 Bg7 5. Be2 Nbd7 6. O-O O-O 7. d4 c5 8.
c4 a6 9. Nbd2 Rb8 10. Qc2 b5 11. dxc5 Nxc5 12. Rad1 Bf5 13. Qc1 Bd3 14. Rfe1
Bxe2 15. Rxe2 Nd3 16. Qc2 Nxb2 17. Qxb2 Ne4 18. Nd4 Nxd2 19. Qxd2 Qb6 20.
cxb5 axb5 21. Qb4 Rfc8 22. Ree1 Rc5 23. Rc1 Qa7 24. Nc6 Qc7 25. Rxc5 dxc5
26. Qxc5 Bf6 27. Rc1 Re8 28. Qxb5 Kg7 29. Rc5 Qd6 30. g3 h5 31. h4 Qd1+ 32.
Kg2 Rh8 33. a4 Bxh4 34. Rd5 Qc2 35. gxh4 Qe4+ 36. Kf1 Qxh4 37. Rd4 Qh1+ 38.
Ke2 h4 39. Qe5+ Kh7 40. Nxe7 Re8 41. Qf6 Qh2 42. Rxh4+ {Black resigns} 1-0

[Event "ICC tourney 2976 (40 10)"]
[Site "Internet Chess Club"]
[Date "2022.08.06"]
[Round "1"]
[White "YU, VINCENT ZHIWEN:vincentyu"]
[Black "SRIPADA, ANISHA:waterycargo"]
[Result "1-0"]
[ICCResult "Black checkmated"]
[WhiteElo "715"]
[BlackElo "1259"]
[Opening "Queen's pawn, Mason variation"]
[ECO "D00"]
[NIC "QP.08"]
[Time "11:00:58"]
[PlyCount "115"]
[TimeControl "2400+10"]

1. d4 d5 2. Bf4 Nf6 3. e3 e6 4. Nf3 c5 5. c3 Nc6 6. Nbd2 cxd4 7. exd4 Be7 8.
Bd3 Bd7 9. O-O O-O 10. Ne5 Rc8 11. Bg3 h6 12. f4 a6 13. Bh4 Ra8 14. Qf3 b5
15. a3 Rb8 16. Bc2 Qe8 17. Bxf6 Bxf6 18. Qd3 g6 19. Qh3 Nxe5 20. fxe5 Bg7
21. Qe3 Qe7 22. Qd3 Qg5 23. Nf3 Qe7 24. Rae1 a5 25. b4 a4 26. Bb1 Rbc8 27.
Rc1 Rc6 28. Rc2 Rfc8 29. Rfc1 R6c7 30. Kh1 Rc4 31. Nd2 R4c6 32. Qxb5 Rxc3
33. Rxc3 Bxb5 34. Rxc8+ Kh7 35. Nf3 Bd7 36. R1c7 h5 37. Ra8 Bf8 38. Raa7 Qd8
39. Rxd7 Qc8 40. Rxf7+ Kg8 41. Bxg6 Qc1+ 42. Ng1 Qh6 43. Bh7+ Kh8 44. Ra8 h4
45. Raxf8+ Qxf8 46. Rxf8+ Kxh7 47. Ra8 Kg6 48. Rxa4 Kg5 49. b5 Kf4 50. b6
Kf5 51. b7 Kf4 52. b8=Q Kg5 53. Qg8+ Kf4 54. Qf7+ Kg5 55. Qf6+ Kh5 56. Ra8
Kg4 57. Rg8+ Kh5 58. Qh8# {Black checkmated} 1-0

[Event "ICC tourney 2976 (40 10)"]
[Site "Internet Chess Club"]
[Date "2022.08.06"]
[Round "2"]
[White "Xu, David:swiecsd"]
[Black "LIN, CARL:K01-17110834"]
[Result "0-1"]
[ICCResult "White resigns"]
[WhiteElo "669"]
[BlackElo "1275"]
[Opening "Evans gambit declined"]
[ECO "C51"]
[NIC "IG.05"]
[Time "13:15:30"]
[PlyCount "103"]
[TimeControl "2400+10"]

1. e4 e5 2. Nf3 Nc6 3. Bc4 Bc5 4. b4 Bb6 5. Ng5 Qxg5 6. O-O Qe7 7. c3 Nf6 8.
Re1 O-O 9. d3 h6 10. Be3 d6 11. b5 Na5 12. Bxb6 axb6 13. Bb3 Nxb3 14. Qxb3
Be6 15. Qb2 Rfd8 16. Nd2 Qd7 17. d4 exd4 18. cxd4 d5 19. e5 Nh7 20. Rac1 Nf8
21. Qc2 Ng6 22. Qxc7 Qxc7 23. Rxc7 Rxa2 24. Rd1 Rb8 25. Rcc1 Nf4 26. Ra1
Rba8 27. Nb3 Rxa1 28. Nxa1 Ne2+ 29. Kf1 Nxd4 30. Rxd4 Rxa1+ 31. Ke2 Kh7 32.
Rd3 Rc1 33. Kd2 Rc5 34. Rb3 Kg6 35. Ke3 d4+ 36. Kxd4 Bxb3 37. Ke4 Rxb5 38.
f4 Bd5+ 39. Ke3 Rc5 40. Kd4 Kf5 41. g3 Rc2 42. h4 Rg2 43. Kxd5 Rxg3 44. Kd6
Kxf4 45. Kc7 Kxe5 46. Kxb7 f6 47. Kxb6 f5 48. Kc7 f4 49. Kd7 f3 50. Ke7 f2
51. Kf7 f1=Q+ 52. Kg8 {White resigns} 0-1

[Event "ICC tourney 2976 (40 10)"]
[Site "Internet Chess Club"]
[Date "2022.08.06"]
[Round "2"]
[White "Hyzer, Evan:ehyzer"]
[Black "SIMPSON, CHARLES D:The-Rider"]
[Result "1-0"]
[ICCResult "Black resigns"]
[WhiteElo "1053"]
[BlackElo "997"]
[Opening "Petrov's defense"]
[ECO "C42"]
[NIC "RG.03"]
[Time "13:44:27"]
[PlyCount "47"]
[TimeControl "2400+10"]

1. e4 e5 2. Nf3 Nf6 3. Nxe5 Nc6 4. Nf3 Bc5 5. d4 Bb6 6. Nc3 O-O 7. Bc4 d6 8.
h3 Re8 9. O-O Ba5 10. Ng5 Bxc3 11. Nxf7 Qe7 12. Nxd6+ Kh8 13. Nxe8 Qxe8 14.
bxc3 Qg6 15. Qf3 Bd7 16. e5 Nh5 17. Bf7 Qxc2 18. Bxh5 Kg8 19. Qf7+ Kh8 20.
Qxd7 Qxc3 21. Be3 Rd8 22. Qxc7 g6 23. Bg5 Rg8 24. Bf6+ {Black resigns} 1-0

[Event "ICC tourney 2976 (40 10)"]
[Site "Internet Chess Club"]
[Date "2022.08.06"]
[Round "2"]
[White "ANGEL, BORYS:BArkadia"]
[Black "Singh, Saharsh:saharshsingh02"]
[Result "1-0"]
[ICCResult "Black checkmated"]
[WhiteElo "1434"]
[BlackElo "1077"]
[Opening "Scandinavian (center counter) defense"]
[ECO "B01"]
[NIC "SD.02"]
[Time "13:15:19"]
[PlyCount "91"]
[TimeControl "2400+10"]

1. e4 d5 2. exd5 Qxd5 3. Nc3 Qd8 4. d4 Nf6 5. Bc4 Bf5 6. h3 e6 7. Nf3 h6 8.
O-O Be7 9. d5 O-O 10. Nh4 Bh7 11. dxe6 Qxd1 12. Rxd1 fxe6 13. Bxe6+ Kh8 14.
Nf5 Bc5 15. Nd5 Na6 16. Be3 Ne4 17. Bxc5 Naxc5 18. Nxc7 Rab8 19. Nd6 Nxf2
20. Rf1 Nxe6 21. Nxe6 Nxh3+ 22. gxh3 Rf6 23. Rxf6 gxf6 24. Nf7+ Kg8 25.
Nxh6+ Kh8 26. Rf1 Bxc2 27. Rxf6 Bb1 28. Nf7+ Kg8 29. Neg5 Rf8 30. Nh6+ Kg7
31. Rxf8 Kxf8 32. Kf2 Bxa2 33. Kf3 b5 34. Kf4 Ke7 35. h4 b4 36. h5 b3 37.
Nf5+ Kd7 38. h6 Bb1 39. h7 Bxf5 40. Kxf5 a5 41. h8=Q a4 42. Qd4+ Ke7 43.
Qxa4 Kf8 44. Qd7 Kg8 45. Qf7+ Kh8 46. Qh7# {Black checkmated} 1-0

[Event "ICC tourney 2976 (40 10)"]
[Site "Internet Chess Club"]
[Date "2022.08.06"]
[Round "2"]
[White "ZHOU, YUCHEN:K01-30171464"]
[Black "Cao, Frank Zhongtian:FrankCao"]
[Result "0-1"]
[ICCResult "White checkmated"]
[WhiteElo "904"]
[BlackElo "1253"]
[Opening "QGD: semi-Slav, Abrahams variation"]
[ECO "D31"]
[NIC "SL.06"]
[Time "13:15:20"]
[PlyCount "86"]
[TimeControl "2400+10"]

1. d4 d5 2. c4 e6 3. Nc3 c6 4. Nf3 dxc4 5. a4 Bb4 6. e3 b5 7. Bd2 a5 8. axb5
Bxc3 9. Bxc3 cxb5 10. Be2 Bb7 11. O-O Nf6 12. b3 b4 13. Be1 c3 14. Qc2 O-O
15. Ne5 Nc6 16. Rd1 Qc7 17. Nxc6 Bxc6 18. Ra1 Be4 19. Bd3 Ng4 20. g3 Bxd3
21. Qxd3 Nf6 22. Qc2 Qc6 23. f3 Nd5 24. Bf2 Nb6 25. e4 Qb5 26. Rfd1 a4 27.
bxa4 Rxa4 28. Rxa4 Qxa4 29. Qxa4 Nxa4 30. Ra1 b3 31. Rxa4 b2 32. Rb4 c2 33.
Be3 b1=Q+ 34. Rxb1 cxb1=Q+ 35. Kg2 Rc8 36. d5 Rc2+ 37. Kh3 Qf1+ 38. Kg4 exd5
39. exd5 Rxh2 40. d6 h5+ 41. Kf4 Qc4+ 42. Bd4 Qxd4+ 43. Kg5 Qf6#
{White checkmated}
0-1

[Event "ICC tourney 2976 (40 10)"]
[Site "Internet Chess Club"]
[Date "2022.08.06"]
[Round "2"]
[White "WENG, JOHNSON:K01-30136161"]
[Black "YU, VINCENT ZHIWEN:vincentyu"]
[Result "0-1"]
[ICCResult "White checkmated"]
[WhiteElo "1265"]
[BlackElo "715"]
[Opening "Sicilian: Najdorf"]
[ECO "B90"]
[NIC "SI.14"]
[Time "13:15:21"]
[PlyCount "160"]
[TimeControl "2400+10"]

1. e4 c5 2. Nf3 d6 3. d4 cxd4 4. Nxd4 Nf6 5. Nc3 a6 6. f3 e5 7. Nb3 Nc6 8.
Bg5 Be7 9. Bxf6 Bxf6 10. Nd5 O-O 11. Be2 Be6 12. O-O Bxd5 13. Qxd5 Be7 14.
Rfd1 Qc7 15. c4 Rad8 16. Kh1 Kh8 17. Qd3 Na5 18. Nxa5 Qxa5 19. Qd5 Qxd5 20.
cxd5 Rc8 21. Rac1 Bg5 22. Rc3 Rxc3 23. bxc3 Rc8 24. c4 Be3 25. Rb1 b6 26. a4
a5 27. Rb5 Bc5 28. g4 h6 29. Kg2 Kh7 30. Kg3 g5 31. h4 gxh4+ 32. Kxh4 Kg6
33. Bf1 Rh8 34. Rb2 Bd4 35. Rh2 Be3 36. Re2 Bd4 37. Bh3 f6 38. Bf1 h5 39.
Bh3 hxg4+ 40. Kxg4 Bc3 41. Rc2 Be1 42. f4 Rh4+ 43. Kf3 Rxh3+ 44. Kg2 Rh8 45.
f5+ Kg5 46. Kf3 Rh3+ 47. Kg2 Rh4 48. Re2 Bb4 49. Kf3 Rh3+ 50. Kg2 Kg4 51.
Rc2 Re3 52. Rf2 Rxe4 53. Rf3 Rf4 54. Rg3+ Kxf5 55. Rg8 Rxc4 56. Rb8 Bc5 57.
Rh8 Rxa4 58. Rh5+ Ke4 59. Rh4+ Kxd5 60. Rxa4 Bb4 61. Ra2 e4 62. Kf2 f5 63.
Ke3 Ke5 64. Re2 f4+ 65. Kf2 d5 66. Rc2 Kd4 67. Rc8 f3 68. Rc6 Bc5 69. Rh6
Kd3+ 70. Ke1 e3 71. Rf6 Bb4+ 72. Kf1 e2+ 73. Kf2 e1=Q+ 74. Kxf3 Qf1+ 75. Kg4
Qxf6 76. Kg3 Bd6+ 77. Kg2 Ke2 78. Kh1 Qh4+ 79. Kg2 Qg3+ 80. Kh1 Qh2#
{White checkmated}
0-1

[Event "ICC tourney 2976 (40 10)"]
[Site "Internet Chess Club"]
[Date "2022.08.06"]
[Round "2"]
[White "SRIPADA, ANISHA:waterycargo"]
[Black "WESLEY, GEORGE:Maglars"]
[Result "1-0"]
[ICCResult "Black resigns"]
[WhiteElo "1259"]
[BlackElo "1002"]
[Opening "Queen's pawn: London system"]
[ECO "A45"]
[NIC "QP.07"]
[Time "13:15:13"]
[PlyCount "61"]
[TimeControl "2400+10"]

1. d4 Nf6 2. Bf4 g6 3. e3 Bg7 4. Nf3 d5 5. c4 dxc4 6. Bxc4 O-O 7. Nc3 Nbd7
8. O-O c6 9. Qe2 b5 10. Bb3 Nb6 11. Rac1 Bd7 12. Ne5 Be8 13. Rfd1 b4 14. Na4
Rc8 15. Nxb6 Qxb6 16. Qc4 Kh8 17. Ba4 Nh5 18. Nxc6 Nxf4 19. exf4 Bd7 20. Qd5
e6 21. Qxd7 Rc7 22. Qd6 Rfc8 23. Qc5 Qa6 24. Qxb4 Bf8 25. Qb5 Rxc6 26. Rxc6
Rxc6 27. Qxc6 Qe2 28. Qe8 Kg7 29. Qb8 a6 30. Qe5+ Qxe5 31. fxe5 {Black
resigns} 1-0

[Event "ICC tourney 2976 (40 10)"]
[Site "Internet Chess Club"]
[Date "2022.08.06"]
[Round "2"]
[White "LIN, LEIA:K05-17110828"]
[Black "Britt, Marquavious:marqbritt"]
[Result "1/2-1/2"]
[ICCResult "Game drawn by mutual agreement"]
[WhiteElo "1310"]
[BlackElo "1186"]
[Opening "French: advance, Wade variation"]
[ECO "C02"]
[NIC "FR.03"]
[Time "13:15:18"]
[PlyCount "92"]
[TimeControl "2400+10"]

1. e4 e6 2. d4 d5 3. e5 c5 4. c3 Bd7 5. Nf3 Qb6 6. Bd3 Bc6 7. O-O Nd7 8. Qc2
Bb5 9. Bxb5 Qxb5 10. Be3 cxd4 11. cxd4 Ne7 12. Nc3 Qb6 13. Rac1 Nf5 14. a3
Nxe3 15. fxe3 Be7 16. Qf2 O-O 17. Ne1 f6 18. exf6 Rxf6 19. Nf3 Raf8 20. Qe2
a6 21. Qc2 Qd6 22. Qe2 R6f7 23. Nd1 Nf6 24. Ne5 Rd8 25. Nxf7 Kxf7 26. Nf2
Kg8 27. Nd3 Qb8 28. Ne5 Bd6 29. Nf3 Ne4 30. Qe1 Rf8 31. Qh4 h6 32. Qg4 Rf5
33. Qh4 Qf8 34. Rc2 Kh7 35. Qe1 Qf7 36. Rc1 Qh5 37. Qh4 Qe8 38. Qe1 Qh5 39.
h3 Ng3 40. Rf2 Ne4 41. Rfc2 Rxf3 42. gxf3 Qxf3 43. Rg2 Qxh3 44. Rcc2 Ng5 45.
Qf2 Qh5 46. Kf1 Ne4 {Game drawn by mutual agreement} 1/2-1/2

[Event "ICC tourney 2976 (40 10)"]
[Site "Internet Chess Club"]
[Date "2022.08.06"]
[Round "2"]
[White "HERST, WARD:uschesspupil"]
[Black "Nagarajan, Ramesh:rnagaraj"]
[Result "0-1"]
[ICCResult "White checkmated"]
[WhiteElo "1244"]
[BlackElo "1326"]
[Opening "QGD Slav defense"]
[ECO "D10"]
[NIC "SL.01"]
[Time "13:15:16"]
[PlyCount "176"]
[TimeControl "2400+10"]

1. d4 d5 2. c4 c6 3. Bf4 Bf5 4. Nc3 Nf6 5. e3 Qa5 6. Bd3 e6 7. Bxf5 exf5 8.
a3 dxc4 9. Nf3 Ne4 10. Qa4 Qb6 11. Nxe4 fxe4 12. Ne5 Be7 13. Qxc4 O-O 14.
O-O Na6 15. Nd7 Qd8 16. Nxf8 Qxf8 17. Rfd1 Bf6 18. Be5 Qe7 19. Bxf6 Qxf6 20.
b4 Nc7 21. Rab1 Nb5 22. Rb3 Nd6 23. Qc5 Nb5 24. a4 Nc7 25. b5 Qe6 26. Rb4
Nd5 27. Rc4 Nb6 28. d5 cxd5 29. Rcd4 Rc8 30. Qb4 Rd8 31. a5 Nc8 32. Rxe4 Qf6
33. Red4 Ne7 34. e4 a6 35. bxa6 bxa6 36. Qb6 Rc8 37. Qxf6 gxf6 38. exd5 Nf5
39. Rg4+ Kf8 40. d6 Nxd6 41. h3 Nb7 42. Ra4 Rc5 43. Rb4 Nxa5 44. Rb8+ Kg7
45. Ra8 Nc4 46. Rxa6 Ne5 47. Ra3 Rc2 48. Rg3+ Kh6 49. Rd4 Ng6 50. h4 Rc5 51.
Rh3 Kg7 52. Rg4 h5 53. Ra4 Ne5 54. Rg3+ Kh7 55. Ra8 Rc1+ 56. Kh2 Ng4+ 57.
Rxg4 hxg4 58. Kg3 f5 59. Ra5 Kg6 60. h5+ Kg5 61. h6 Rc3+ 62. f3 gxf3 63.
gxf3 Rc6 64. h7 Rc8 65. f4+ Kg6 66. Ra6+ Kxh7 67. Rf6 Rg8+ 68. Kf3 Kg7 69.
Rxf5 f6 70. Ke4 Re8+ 71. Kd5 Kg6 72. Rxf6+ Kxf6 73. Kd4 Kf5 74. Kd5 Kxf4 75.
Kd4 Re5 76. Kc4 Ke3 77. Kc3 Rd5 78. Kc4 Ke4 79. Kc3 Rd4 80. Kc2 Ke3 81. Kc3
Ke4 82. Kc2 Rd3 83. Kb2 Kd4 84. Kc2 Kc4 85. Kb2 Rc3 86. Ka2 Kb4 87. Kb1 Kb3
88. Ka1 Rc1# {White checkmated} 0-1

[Event "ICC tourney 2976 (40 10)"]
[Site "Internet Chess Club"]
[Date "2022.08.06"]
[Round "3"]
[White "BOGIN, THEODORE:tbogin1"]
[Black "procopio, Patti:prostripe"]
[Result "1-0"]
[ICCResult "Black resigns"]
[WhiteElo "1262"]
[BlackElo "1080"]
[Opening "Pirc: Ufimtsev-Pytel variation"]
[ECO "B07"]
[NIC "VO.17"]
[Time "15:30:13"]
[PlyCount "63"]
[TimeControl "2400+10"]

1. e4 d6 2. d4 c6 3. Nc3 Nf6 4. f4 Bg4 5. Nf3 Nbd7 6. e5 dxe5 7. fxe5 Nd5 8.
Nxd5 cxd5 9. Bd3 e6 10. c3 Be7 11. O-O O-O 12. h3 Bxf3 13. Qxf3 f5 14. exf6
Rxf6 15. Qe2 Rxf1+ 16. Qxf1 Qf8 17. Bf4 Nf6 18. Qe2 g6 19. Qxe6+ Kg7 20. Re1
Re8 21. Be5 Bd8 22. Bxf6+ Bxf6 23. Qxe8 Qxe8 24. Rxe8 Kf7 25. Re2 b6 26. b4
Bg5 27. a4 Bc1 28. a5 bxa5 29. bxa5 Ba3 30. Ra2 Bd6 31. Rb2 Bc7 32. Rb7
{Black resigns}
1-0

[Event "ICC tourney 2976 (40 10)"]
[Site "Internet Chess Club"]
[Date "2022.08.06"]
[Round "3"]
[White "SIMPSON, CHARLES D:The-Rider"]
[Black "Singh, Saharsh:saharshsingh02"]
[Result "1-0"]
[ICCResult "Black resigns"]
[WhiteElo "997"]
[BlackElo "1077"]
[Opening "Vienna gambit"]
[ECO "C29"]
[NIC "VG.04"]
[Time "15:30:15"]
[PlyCount "55"]
[TimeControl "2400+10"]

1. e4 e5 2. Nc3 Nf6 3. f4 exf4 4. e5 Ng8 5. Nf3 f6 6. exf6 Nxf6 7. d3 Be7 8.
Bxf4 O-O 9. Qd2 Kh8 10. O-O-O d5 11. d4 Ne4 12. Nxe4 dxe4 13. Ne5 Nd7 14. g3
c5 15. Bg2 cxd4 16. Bxe4 Nxe5 17. Bxe5 Bf6 18. Bxf6 Rxf6 19. Qd3 Bg4 20. Rd2
Qa5 21. a3 g6 22. Qxd4 Qg5 23. h4 Qh6 24. Qxf6+ Qg7 25. Rd8+ Rxd8 26. Qxd8+
Qg8 27. Qxg8+ Kxg8 28. Bxb7 {Black resigns} 1-0

[Event "ICC tourney 2976 (40 10)"]
[Site "Internet Chess Club"]
[Date "2022.08.06"]
[Round "3"]
[White "LIN, CARL:K01-17110834"]
[Black "Britt, Marquavious:marqbritt"]
[Result "0-1"]
[ICCResult "White checkmated"]
[WhiteElo "1275"]
[BlackElo "1186"]
[Opening "French: exchange variation"]
[ECO "C01"]
[NIC "FR.01"]
[Time "15:30:14"]
[PlyCount "68"]
[TimeControl "2400+10"]

1. e4 e6 2. d4 d5 3. exd5 exd5 4. Nf3 Bg4 5. h3 Bxf3 6. Qxf3 Nf6 7. Nc3 c6
8. Bd3 Bd6 9. O-O O-O 10. Bg5 Nbd7 11. Bf5 Qc7 12. Rfe1 Rfe8 13. a3 h6 14.
Bd2 Qb6 15. Ne2 Ne4 16. Bxd7 Re7 17. Bf5 Nxd2 18. Qc3 Ne4 19. Bxe4 dxe4 20.
b4 Rae8 21. Nc1 Re6 22. Nb3 Qc7 23. Qb2 e3 24. fxe3 Bg3 25. Nc5 Rxe3 26.
Rxe3 Rxe3 27. Rf1 Bh2+ 28. Kh1 Bd6 29. Qc1 Qe7 30. Nxb7 Bb8 31. Nc5 Qc7 32.
g3 Qxg3 33. Qd2 Qxh3+ 34. Qh2 Qxh2# {White checkmated} 0-1

[Event "ICC tourney 2976 (40 10)"]
[Site "Internet Chess Club"]
[Date "2022.08.06"]
[Round "3"]
[White "HERST, WARD:uschesspupil"]
[Black "Xu, David:swiecsd"]
[Result "1-0"]
[ICCResult "Black resigns"]
[WhiteElo "1244"]
[BlackElo "669"]
[Opening "QGD: Albin counter-gambit"]
[ECO "D08"]
[NIC "QG.02"]
[Time "15:30:39"]
[PlyCount "119"]
[TimeControl "2400+10"]

1. d4 d5 2. c4 e5 3. dxe5 d4 4. Nf3 Nc6 5. b3 Nge7 6. Bb2 Ng6 7. Nxd4 Ngxe5
8. Nxc6 Nxc6 9. Nd2 Bb4 10. Bc1 Bf5 11. g3 Nd4 12. Bg2 Bc2 13. O-O Bxd1 14.
Rxd1 Nxe2+ 15. Kf1 Nc3 16. Re1+ Kf8 17. a3 Qd3+ 18. Kg1 Bd6 19. Re3 Ne2+ 20.
Kh1 Qd4 21. Rb1 Nc3 22. Bb2 Be5 23. Bxc3 Qxc3 24. Rxc3 Bxc3 25. Ne4 Bd4 26.
Rd1 Bb6 27. c5 f5 28. cxb6 fxe4 29. bxc7 Kf7 30. Bxe4 Rac8 31. Rd7+ Ke6 32.
Rxg7 Kf6 33. Rd7 Ke6 34. Rd3 Rxc7 35. Re3 Kd6 36. f4 Re8 37. Rd3+ Ke7 38.
Bxh7 Rc1+ 39. Kg2 Kf8 40. Rd7 Ra1 41. Rxb7 Rxa3 42. g4 Re3 43. Kf2 Rexb3 44.
Rxb3 Rxb3 45. f5 a5 46. g5 a4 47. g6 a3 48. f6 Rb7 49. g7+ Rxg7 50. fxg7+
Kxg7 51. Bb1 Kh6 52. Ba2 Kg5 53. Kg3 Kf5 54. h4 Ke4 55. h5 Kd3 56. h6 Kc2
57. h7 Kb2 58. Be6 a2 59. Bxa2 Kxa2 60. h8=Q {Black resigns} 1-0

[Event "ICC tourney 2976 (40 10)"]
[Site "Internet Chess Club"]
[Date "2022.08.06"]
[Round "3"]
[White "ZHOU, YUCHEN:K01-30171464"]
[Black "SRIPADA, ANISHA:waterycargo"]
[Result "1-0"]
[ICCResult "Black checkmated"]
[WhiteElo "904"]
[BlackElo "1259"]
[Opening "QGD: Orthodox defense, Botvinnik variation"]
[ECO "D60"]
[NIC "QO.12"]
[Time "15:30:19"]
[PlyCount "111"]
[TimeControl "2400+10"]

1. d4 d5 2. c4 e6 3. Nf3 Nf6 4. Nc3 Be7 5. Bg5 O-O 6. e3 Nbd7 7. Bd3 dxc4 8.
Bxc4 b6 9. O-O Bb7 10. Qe2 c5 11. Rfd1 Qc7 12. Bf4 Qc8 13. Rac1 Rd8 14. Bb3
Ba6 15. Bc4 Bxc4 16. Qxc4 Qb7 17. dxc5 Nxc5 18. Qe2 Nd5 19. Nxd5 Rxd5 20. b4
Rxd1+ 21. Qxd1 Rd8 22. Qf1 Na6 23. a3 Bd6 24. Bxd6 Rxd6 25. Qc4 h6 26. h3
Rd8 27. Nd4 Rd7 28. Qc8+ Qxc8 29. Rxc8+ Kh7 30. Kf1 Rc7 31. Rxc7 Nxc7 32.
Ke2 Kg6 33. Kd3 Kf6 34. Kc4 a6 35. b5 a5 36. Nc6 Nd5 37. Kd4 g6 38. g3 h5
39. e4 Nc7 40. a4 Kg7 41. Ke5 Ne8 42. Nb8 Nf6 43. f3 g5 44. g4 h4 45. Kd6
Ng8 46. Nd7 Kg6 47. Nxb6 Kf6 48. Nd7+ Kg7 49. b6 Nf6 50. Nxf6 Kxf6 51. b7
Kg6 52. b8=Q Kg7 53. Ke7 Kg6 54. Qg8+ Kh6 55. Kxf7 e5 56. Qh8#
{Black checkmated}
1-0